 Dungeon Crawl Stone Soup version 0.28.0-45-g0d030f2227 (webtiles) character file.

Game seed: 13184556361954187106

55 zeratav the Insei (level 3, -1/24 HPs)
             Began as an Octopode Transmuter on Apr 8, 2022.
             Slain by a gnoll
             ... wielding a +0 spear
              (2 damage)
             ... on level 2 of the Dungeon.
             The game lasted 00:02:01 (1090 turns).

zeratav the Insei (Octopode Transmuter)             Turns: 1090, Time: 00:02:01

Health: -1/24      AC:  1    Str:  9    XL:     3   Next: 93%
Magic:  6/6        EV: 13    Int: 15    God:
Gold:   44         SH:  0    Dex: 14    Spells: 5/6 levels left

rFire   . . .      SeeInvis .   f - +3 whip {mace}
rCold   . . .      Faith    .   (no shield)
rNeg    . . .      Spirit   .   (helmet restricted)
rPois   .          Reflect  .   (no amulet)
rElec   .          Harm     .   (no ring)
rCorr   .          Rampage  .   (no ring)
Will    .....                   (no ring)
Stlth   +++.......              (no ring)
HPRegen 0.08/turn               (no ring)
MPRegen 0.10/turn               (no ring)
                                (no ring)
                                (no ring)

@: no status effects
A: almost no armour, amphibious, 8 rings, camouflage 1, gelatinous body 1,
(nimble swimmer 1), tentacles
a: no special abilities


You were on level 2 of the Dungeon.
You visited 1 branch of the dungeon, and saw 2 of its levels.

You collected 44 gold pieces.


Innate Abilities, Weirdness & Mutations

You cannot wear most types of armour.
You are amphibious.
You can wear up to eight rings at the same time.
Your skin changes colour to match your surroundings (Stealth+).
Your rubbery body absorbs attacks. (AC +1, EV +1)
((You are camouflaged when in or above water. (Stealth+)))
You have tentacles for arms and can constrict up to eight enemies at once.


   Skills:
 + Level 1.8 Fighting
 + Level 2.5 Dodging
 + Level 1.9 Stealth
 * Level 3.7 Unarmed Combat
 - Level 2.0 Spellcasting
 - Level 2.0 Transmutations


You had 5 spell levels left.
You knew the following spells:

 Your Spells              Type           Power      Damage    Failure   Level
a - Beastly Appendage     Tmut           14%        N/A       10%         1

Your spell library contained the following spells:

 Spells                   Type           Power      Damage    Failure   Level
 Wereblood                Tmut           7%         N/A       14%         2
 Passwall                 Tmut/Erth      3%         N/A       22%         2
 Ensorcelled Hibernation  Hex/Ice        2%         N/A       32%         2
 Spider Form              Tmut/Pois      4%         N/A       41%         3
 Swiftness                Air            1%         N/A       54%         3
 Ice Form                 Ice/Tmut       4%         N/A       82%         4

Inventory:

Hand Weapons
 b - a +1 short sword of venom {short}
   (You took it off a kobold on level 1 of the Dungeon)
 f - a +3 whip (weapon) {mace}
   (You took it off a kobold on level 2 of the Dungeon)
Jewellery
 g - a ring of ice
   (You found it on level 2 of the Dungeon)
Scrolls
 a - a scroll of vulnerability {unknown}
 c - a scroll of fear {unknown}
 e - a scroll of identify {unknown}
Potions
 d - a potion of invisibility {unknown}
 h - a potion of attraction {unknown}

Dungeon Overview and Level Annotations

Branches:
Dungeon (2/15)

Altars:

#..'†.# #.gg# #[.'.
.####..##.# #"K.# #†##.
.........### #S..# ###..
...........####...####..†.
.#########....##S##....#..
##..).K.....####.
#.#........# #.
##########<##.....#.# .#
........@g.###...###.. #
############ ##.## #.# #.#
.# #.# # #.. #.. #... ###.
..


You could see a gnoll.


Message History

You take 2 damage, and now have 16/23 hp.
You hit the jackal. Your grab misses the jackal. You squeeze the jackal.
You kill the jackal!
No target in view!
No target in view!
No target in view!
No target in view!
No target in view!
No target in view!
No target in view!
No target in view!
No target in view!
No target in view!
No target in view!
No target in view!
No target in view!
No target in view!
No target in view!
No target in view!
Things that are here:
a jackal corpse; a frilled lizard corpse HP[+7]
Your hp is fully restored (23).
h - a fuming cyan potion
Things that are here:
a jackal corpse; a frilled lizard corpse
There is an open door, spattered with blood here.
You see here a +0 dagger {short}.
You open the door.
A gnoll, a goblin, a kobold and 2 adders come into view.
The goblin is wielding a +1 dagger of draining.
The adder hisses angrily. x2; The kobold shouts!
The gnoll shouts!
You see here a +0 dagger {short}.
The adder bites you.
HP[-1]
You take 1 damage, and now have 22/23 hp.
There is a stone staircase leading up here.
The adder barely misses you.
You miss the adder. Your grab misses the adder. Your squeeze misses the adder.
The adder barely misses you.
You hit the adder. You grab the adder. You constrict the adder.
The adder completely misses you. The adder misses you.
You hit the adder. You constrict the adder. The adder misses you.
You hit the adder.
You kill the adder!
The adder bites you but does no damage.
HP[+2]
You now have 24 max hp (+1).
Your hp is fully restored (24).
You barely miss the adder. Your grab misses the adder.
Your squeeze misses the adder. The adder bites you.
You are poisoned.
The adder poisons you!
HP[-3]
You take 3 damage, and now have 21/24 hp.
You barely miss the adder. Your grab misses the adder.
Your squeeze misses the adder.
You feel sick. The adder bites you. The adder barely misses you.
HP[-5]
You take 5 damage, and now have 16/24 hp.
MASSIVE DAMAGE!! (PAUSE)
You closely miss the adder.
The goblin shouts!
You grab the adder. You constrict the adder.
You feel sick. The adder barely misses you.
HP[-1]
You take 1 damage, and now have 15/24 hp.
You hit the adder. You squeeze the adder. You constrict the adder.
You kill the adder!
You feel sick. The goblin closely misses you.
HP[-1]
You take 1 damage, and now have 14/24 hp.
You hit the goblin.
You kill the goblin!
You feel sick.
HP[-1]
You take 1 damage, and now have 13/24 hp.
You barely miss the kobold. Your grab misses the kobold.
You feel sick.
You are no longer poisoned.
The kobold barely misses you.
HP[-1]
You take 1 damage, and now have 12/24 hp.
You hit the kobold.
You kill the kobold!
Items here: ( )) †.
The gnoll hits you from afar with a +0 spear.
* * * LOW HITPOINT WARNING * * *
HP[-6]
You take 6 damage, and now have 6/24 hp.
MASSIVE DAMAGE!! (PAUSE)
The gnoll closely misses you.
Items here: ( )) †.
HP[+1]
The gnoll hits you with a +0 spear.
* * * LOW HITPOINT WARNING * * *
HP[-6]
You take 6 damage, and now have 1/24 hp.
MASSIVE DAMAGE!! (PAUSE)
You hit the gnoll. Your grab misses the gnoll. Your squeeze misses the gnoll.
The gnoll hits you with a +0 spear.
You die...

Skill      XL: |  1  2 |
---------------+-------+-----
Stealth        | 1 |  1.9
Fighting       | |  1.8
Dodging        | |  2.5
Unarmed Combat | |  3.7
Spellcasting   | |  2.0
Transmutations | |  2.0

Action                   || total
-------------------------++-------
Melee: Unarmed           ||    17
       Constrict         ||    19
       Kick              ||     3
       Tentacles         ||    17
       Punch             ||     2
       Short sword       ||    30
       Whip              ||    19
 Cast: Beastly Appendage ||     4
 Stab: Sleeping          ||     4
Armor: Skin              ||     2
Dodge: Dodged            ||    42

Levels and vault maps discovered:
D:1:      onia_arrival_zoo_common, layout_rooms, minmay_pentomino_t2
D:2:      layout_loops_ring, minmay_divided_ellipse

Notes
Turn   | Place    | Note
-------+----------+-------------------------------------------
     0 | D:1      | zeratav the Octopode Transmuter began the quest for the
                  | Orb.
     0 | D:1      | Reached XP level 1. HP: 13/13 MP: 3/3
     0 | D:1      | magus.rc [v1.9.6]
     6 | D:1      | Noticed a swamp worm
     6 | D:1      | Noticed an iguana
     6 | D:1      | Noticed a swamp drake
     7 | D:1      | Noticed a scorpion
     7 | D:1      | Noticed a hound
   270 | D:1      | Reached XP level 2. HP: 18/18 MP: 1/5
   283 | D:1      | Reached skill level 1 in Stealth
   632 | D:1      | Reached XP level 3. HP: 22/23 MP: 6/6
   946 | D:2      | You pick up a book of Burglary and begin reading...
   946 | D:2      | You add the spells Passwall, Ensorcelled Hibernation and
                  | Swiftness to your library.
  1085 | D:2      | HP: 6/24 [gnoll/+0 spear (6)]
  1089 | D:2      | HP: 1/24 [gnoll/+0 spear (6)]
  1090 | D:2      | Slain by a gnoll

Vanquished Creatures
  2 adders (D:2)
  A bat (D:1)
  An endoplasm (D:1)
  2 giant cockroaches (D:1)
  5 goblins
  3 hobgoblins (D:1)
  A jackal (D:2)
  4 quokkas
  5 ball pythons
  4 frilled lizards
  6 kobolds
  3 rats (D:1)
37 creatures vanquished.

Table legend:
 A = Non-vault XP
 B = Vault XP
 C = Vault XP percentage of total XP
 D = Non-vault monster count
 E = Vault monster count
 F = Vault count percentage of total count
                 A         B        C        D         E       F
            +---------+---------+-------+---------+---------+-------
      Total |      41 |      38 |  48.1 |      27 |      10 |  27.0
            +---------+---------+-------+---------+---------+-------
        D:1 |      37 |       4 |   9.8 |      24 |       2 |   7.7
        D:2 |       4 |      34 |  89.5 |       3 |       8 |  72.7
            +---------+---------+-------+---------+---------+-------

Illustrated notes

Table legend:
 A = Kills in this place as a percentage of kills in entire the game.
 B = Kills by you in this place as a percentage of kills by you in the entire game.
 C = Kills by friends in this place as a percentage of kills by friends in the entire game.
 D = Other kills in this place as a percentage of other kills in the entire game.
 E = Experience gained in this place as a percentage of experience gained in the entire game.
 F = Experience gained in this place divided by the number of levels of this place that you have seen.
                   A       B       C       D       E      F
               +-------+-------+-------+-------+-------+----------------------
         Total | 100.0 | 100.0 |   N/A |   N/A | 100.0 |  39.5
       Dungeon | 100.0 | 100.0 |   N/A |   N/A | 100.0 |  39.5
               +-------+-------+-------+-------+-------+----------------------

Table legend: (Time is in decaauts)
 A = Elapsed time spent in this place.
 B = Non-inter-level travel time spent in this place.
 C = Inter-level travel time spent in this place.
 D = Time resting spent in this place.
 E = Time spent auto-exploring this place.
 F = Levels seen in this place.
 G = Mean time per level.
                   A        B        C        D        E       F      G
               +--------+--------+--------+--------+--------+-----+--------+
         Total |   1092 |   1075 |     17 |      0 |    888 |   2 |  546.0 |
       Dungeon |   1092 |   1075 |     17 |      0 |    888 |   2 |  546.0 |
               +--------+--------+--------+--------+--------+-----+--------+

Top non-repeatable levels by time:
     D:1: 880 daAuts
     D:2: 212 daAuts
